 Dungeon Crawl Stone Soup version 0.29.0-4-gdea44cf6ec (webtiles) character file.

Game seed: 10355983348274690417

158 qw the Ruffian (level 5, -25/50 HPs)
             Began as a Troll Cinder Acolyte on Aug 31, 2022.
             Was a High Priest of Ignis.
             Annihilated by an ogre
             ... wielding a +0 giant club
              (29 damage)
             ... on level 4 of the Dungeon.
             The game lasted 00:01:16 (2444 turns).

qw the Ruffian (Troll Cinder Acolyte)               Turns: 2444, Time: 00:01:17

Health: -25/50     AC: 12    Str: 24    XL:     5   Next: 16%
Magic:  5/5        EV:  9    Int: 10    God:    Ignis [*****.]
Gold:   137        SH:  0    Dex:  5    Spells: 6/6 levels left

rFire   + . .      SeeInvis .     - Unarmed
rCold   . . .      Faith    .   (no shield)
rNeg    . . .      Spirit   .   a - +0 robe
rPois   .          Reflect  .   (helmet restricted)
rElec   .          Harm     .   b - +0 cloak
rCorr   .          Rampage  .   (gloves unavailable)
Will    .....                   (boots unavailable)
Stlth   +.........              (no amulet)
HPRegen 0.96/turn               (no ring)
MPRegen 0.09/turn               (no ring)

@: fiery-armoured
A: large, unfitting armour, claws 3, regeneration 1, shaggy fur 1, tough skin 1
a: Renounce Religion, Fiery Armour, Foxfire Swarm, Rising Flame


You were on level 4 of the Dungeon.
You worshipped Ignis.
Ignis was extremely pleased with you.
You visited 1 branch of the dungeon, and saw 4 of its levels.

You collected 137 gold pieces.


Innate Abilities, Weirdness & Mutations

You are too large for most types of armour.
You have claws for hands.
Your natural rate of healing is unusually fast.
You are covered in fur. (AC +1)
You have tough skin. (AC +1)


   Skills:
 - Level 2.4 Fighting
 - Level 1.2 Throwing
 + Level 5.6 Unarmed Combat
 - Level 1.0 Spellcasting
 - Level 2.1 Fire Magic


You had 6 spell levels left.
You didn't know any spells.
Your spell library contained the following spells:

 Spells                   Type           Power      Damage    Failure   Level
 Scorch                   Fire           8%         2d5       22%         2

Inventory:

Missiles
 c - 4 large rocks (quivered)
 e - 2 boomerangs
Armour
 a - a +0 robe (worn)
 b - a +0 cloak (worn)
Jewellery
 d - a +4 ring of evasion
Scrolls
 i - a scroll of identify
Potions
 j - a potion of heal wounds {unknown}
 k - a potion of curing

Dungeon Overview and Level Annotations

Branches:
Dungeon (4/15)
 Temple: D:4-7

Altars:
Makhleb
Sif Muna

Annotations:
D:2 1 runed translucent door, Crazy Yiuf


Message History

Enter note: Throw: 8 large rocks
Press: ? - help, Q - select action Shift-Dir - straight line, f - hobgoblin You throw a large rock.
The large rock hits the hobgoblin!
You kill the hobgoblin!
e - 2 boomerangs An endoplasm comes into view.
Throw: 7 large rocks
Press: ? - help, Q - select action, (/) - cycle Shift-Dir - straight line, f - endoplasm You throw a large rock.
The large rock hits the endoplasm!
You kill the endoplasm! 2 ogres come into view.
The ogre shouts! x2
You see here a large rock.
2438 ||| INVOKING Fiery Armour.
A protective cloak of flame settles atop you.
Throw: 6 large rocks
Press: ? - help, Q - select action, (/) - cycle Shift-Dir - straight line, f - ogre You throw a large rock.
The large rock barely misses the ogre.
Throw: 5 large rocks
Press: ? - help, Q - select action, (/) - cycle Shift-Dir - straight line, f/p - ogre You throw a large rock.
The large rock closely misses the ogre.
You scratch the ogre.
The ogre is lightly wounded.
The ogre hits you with a +0 giant club!!
Ouch! That really hurt!
The ogre is burned by your cloak of flames.
The ogre is moderately wounded.
You scratch the ogre.
The ogre is moderately wounded.
2443 ||| Stepping ~*~*~tactically~*~*~ (outnumbered).
The ogre attacks as you move away!
The ogre hits you with a +0 giant club!!
The ogre is burned by your cloak of flames.
The ogre is lightly wounded.
You scratch the ogre but do no damage.
The ogre is moderately wounded.
The ogre hits you with a +0 giant club!!
Ouch! That really hurt!
You die...

(. .. ####.## ..
#.## #....# #. #..#
##)####
#.###^.####..#
#.(##..##...##
#.##..##.###
#####........#
..##...OO.#..####
....(..@.....#####
#########..........
#....###### #..#..#
##.##.# #.# .# #.#
.# #..#.. #..#


You could see 2 ogres.

Vanquished Creatures
  An iron imp (D:3)
  4 adders
  4 gnolls (D:3)
  3 dart slugs
  An orc (D:3)
  6 ball pythons
  3 bats
  3 endoplasms
  6 goblins
  5 hobgoblins
  4 jackals (D:1)
  6 frilled lizards
  3 kobolds
  5 rats
54 creatures vanquished.

Vanquished Creatures (others)
  2 plants (D:1)
2 creatures vanquished.

Grand Total: 56 creatures vanquished

Notes
Turn   | Place    | Note
-------+----------+-------------------------------------------
     0 | D:1      | qw the Troll Cinder Acolyte began the quest for the Orb.
     0 | D:1      | Reached XP level 1. HP: 22/22 MP: 1/1
     0 | D:1      | 0 ||| qw: Version: 0.1-a-97-g2dd2ca4
     0 | D:1      | 0 ||| qw: Game counter: 4535
     0 | D:1      | 0 ||| qw: Always use a shield: true
     0 | D:1      | 0 ||| qw: God list: Okawaru
     0 | D:1      | 0 ||| qw: Allow faded altars: false
     0 | D:1      | 0 ||| qw: Do Orc after D:15 true
     0 | D:1      | 0 ||| qw: Do second Lair branch before Depths: true
     0 | D:1      | 0 ||| qw: Lair rune preference: random
     0 | D:1      | 0 ||| qw: Plans: Normal
     0 | D:1      | 0 ||| PLANNING D:1-11
    13 | D:1      | 13 ||| Stepping ~*~*~tactically~*~*~ (stealth).
    14 | D:1      | 14 ||| Stepping ~*~*~tactically~*~*~ (stealth).
    69 | D:1      | 69 ||| Stepping ~*~*~tactically~*~*~ (stealth).
    79 | D:1      | Reached XP level 2. HP: 28/29 MP: 2/2
   203 | D:1      | 203 ||| Stepping ~*~*~tactically~*~*~ (stealth).
   513 | D:1      | Reached skill level 4 in Unarmed Combat
   716 | D:1      | 716 ||| Stepping ~*~*~tactically~*~*~ (hiding).
   717 | D:1      | 717 ||| Stepping ~*~*~tactically~*~*~ (hiding).
   746 | D:1      | Found a faded altar of an unknown god.
   902 | D:1      | 902 ||| UPGRADING to +0 cloak.
   907 | D:1      | 907 ||| DROPPING amulet of magic regeneration.
   908 | D:1      | 908 ||| READING scroll labelled ISCHED WUGEILO.
   909 | D:1      | 909 ||| READING scroll labelled FUIRONKAPP.
   910 | D:1      | 910 ||| READING scroll labelled QASHUN FANEXT.
   911 | D:1      | 911 ||| Stepping randomly (stuck).
   912 | D:1      | 912 ||| Stepping ~*~*~tactically~*~*~ (cloud).
  1099 | D:2      | Reached XP level 3. HP: 36/36 MP: 3/3
  1204 | D:2      | Found a runed translucent door.
  1205 | D:2      | Noticed Crazy Yiuf
  1241 | D:2      | 1241 ||| Stepping ~*~*~tactically~*~*~ (outnumbered).
  1295 | D:2      | 1295 ||| INVOKING Fiery Armour.
  1479 | D:2      | 1479 ||| READING scroll labelled QIOREA SITYRI.
  1498 | D:2      | 1498 ||| READING scroll labelled BAZARU ZIAW.
  1499 | D:2      | 1499 ||| READING scroll labelled LAIQIST GOFIST.
  1500 | D:2      | 1500 ||| READING scroll labelled REIHOKL LUOC.
  1501 | D:2      | 1501 ||| READING scroll labelled OTOVIS UTORCHU.
  1502 | D:2      | 1502 ||| DRINKING 2 pink potions.
  1551 | D:2      | 1551 ||| DROPPING potion of lignification.
  1639 | D:3      | 1639 ||| Stepping ~*~*~tactically~*~*~ (stealth).
  1640 | D:3      | 1640 ||| Stepping ~*~*~tactically~*~*~ (stealth).
  1641 | D:3      | 1641 ||| Stepping ~*~*~tactically~*~*~ (stealth).
  1651 | D:3      | 1651 ||| Stepping ~*~*~tactically~*~*~ (stealth).
  1736 | D:3      | Reached XP level 4. HP: 42/44 MP: 4/4
  1781 | D:3      | Found a shimmering blue altar of Sif Muna.
  1865 | D:3      | Found a burning altar of Makhleb.
  1914 | D:3      | Reached skill level 1 in Throwing
  1920 | D:3      | Reached skill level 5 in Unarmed Combat
  1952 | D:3      | 1952 ||| Stepping ~*~*~tactically~*~*~ (hiding).
  1958 | D:3      | 1958 ||| Stepping ~*~*~tactically~*~*~ (hiding).
  1960 | D:3      | 1960 ||| Stepping ~*~*~tactically~*~*~ (hiding).
  1961 | D:3      | 1961 ||| Stepping ~*~*~tactically~*~*~ (hiding).
  2075 | D:3      | 2075 ||| INVOKING Fiery Armour.
  2079 | D:3      | 2079 ||| Stepping ~*~*~tactically~*~*~ (outnumbered).
  2080 | D:3      | 2080 ||| Stepping ~*~*~tactically~*~*~ (outnumbered).
  2081 | D:3      | 2081 ||| Stepping ~*~*~tactically~*~*~ (outnumbered).
  2082 | D:3      | 2082 ||| Stepping ~*~*~tactically~*~*~ (outnumbered).
  2083 | D:3      | 2083 ||| Stepping ~*~*~tactically~*~*~ (outnumbered).
  2085 | D:3      | 2085 ||| Stepping ~*~*~tactically~*~*~ (outnumbered).
  2091 | D:3      | Reached XP level 5. HP: 50/50 MP: 5/5
  2158 | D:3      | 2158 ||| READING 2 scrolls labelled SISOCL OSIEC.
  2159 | D:3      | 2159 ||| READING scroll labelled YRALASKYNEL.
  2163 | D:3      | 2163 ||| READING scroll labelled LIOTRU UWNOF.
  2264 | D:3      | 2264 ||| DRINKING 2 red potions.
  2265 | D:3      | 2265 ||| READING 2 scrolls of identify.
  2265 | D:3      | 2265 ||| IDENTIFYING glowing puce potion
  2266 | D:3      | 2266 ||| DROPPING scroll of fear.
  2267 | D:3      | 2267 ||| DROPPING potion of attraction.
  2298 | D:4      | 2298 ||| Stepping ~*~*~tactically~*~*~ (hiding).
  2437 | D:4      | Noticed an ogre
  2437 | D:4      | Noticed an ogre
  2438 | D:4      | 2438 ||| INVOKING Fiery Armour.
  2443 | D:4      | 2443 ||| Stepping ~*~*~tactically~*~*~ (outnumbered).
  2443 | D:4      | HP: 2/50 [ogre/+0 giant club (21)]
  2444 | D:4      | Annihilated by an ogre

Levels and vault maps discovered:
D:1:      minmay_arrival_nine_rooms, layout_basic,
          chequers_ecumenical_altar_lobes
D:2:      layout_rooms, uniq_crazy_yiuf_cottage
D:3:      layout_rooms, demons_altar, led_sif_pool
D:4:      minmay_chambers_of_fours, layout_rooms, old_standard_altar,
          kennysheep_little_box, uniq_menkaure

Skill      XL: |  1  2  3  4 |
---------------+-------------+-----
Unarmed Combat | 4 5 |  5.6
Throwing       | 1 |  1.2
Fighting       | |  2.4
Spellcasting   | |  1.0
Fire Magic     | |  2.1

Action                   |  1- 3 |  4- 6 || total
-------------------------+-------+-------++-------
Melee: Unarmed           |   107 |    28 ||   135
Throw: Large rock        |     5 |    11 ||    16
Invok: Fiery Armour      |     1 |     2 ||     3
  Use: Scroll            |     8 |     4 ||    12
       Potion            |     1 |     1 ||     2
Armor: Robe              |    28 |    12 ||    40
Dodge: Dodged            |    39 |    12 ||    51

Table legend:
 A = Non-vault XP
 B = Vault XP
 C = Vault XP percentage of total XP
 D = Non-vault monster count
 E = Vault monster count
 F = Vault count percentage of total count
                 A         B        C        D         E       F
            +---------+---------+-------+---------+---------+-------
      Total |     187 |      39 |  17.3 |      53 |       1 |   1.9
            +---------+---------+-------+---------+---------+-------
        D:1 |      35 |       0 |   0.0 |      20 |       0 |   0.0
        D:2 |      46 |       0 |   0.0 |      15 |       0 |   0.0
        D:3 |      98 |      39 |  28.5 |      14 |       1 |   6.7
        D:4 |       8 |       0 |   0.0 |       4 |       0 |   0.0
            +---------+---------+-------+---------+---------+-------
